 Dungeon Crawl Stone Soup version 0.23.0 (webtiles) character file.

Game seed: 7118663627220981594

191 dvd the Charmwright (level 5, -3/43 HPs)
             Began as a Gnoll Skald on Feb 8, 2019.
             Killed by divine providence
             ... invoked by an orc priest
              (9 damage)
             ... on level 4 of the Dungeon.
             The game lasted 00:06:13 (2356 turns).

dvd the Charmwright (Gnoll Skald)                   Turns: 2356, Time: 00:06:14

Health: -3/43      AC:  5    Str: 14    XL:     5   Next: 70%
Magic:  11/12      EV: 13    Int: 15    God:
Gold:   153        SH:  0    Dex: 18    Spells: 3/14 levels left

rFire    . . .     SeeInvis +   a - +0 war axe
rCold    . . .     Gourm    .   (no shield)
rNeg     . . .     Faith    .   k - +0 ring mail
rPois    .         Spirit   .   (no helmet)
rElec    .         Reflect  .   (no cloak)
rCorr    .         Harm     .   (no gloves)
MR       .....                  (no boots)
Stlth    +.........             p - amulet of magic regeneration
HPRegen  0.14/turn              e - +3 ring of dexterity
MPRegen  0.38/turn              l - ring of see invisible

@: singing
A: distributed training, fangs 1, strong nose
a: no special abilities


You were on level 4 of the Dungeon.
You were not hungry.

You visited 1 branch of the dungeon, and saw 4 of its levels.

You collected 153 gold pieces.

Inventory:

Hand Weapons
 a - a +0 war axe (weapon)
Armour
 b - a +0 leather armour
 k - a +0 ring mail (worn)
Jewellery
 e - a +3 ring of dexterity (left hand)
 l - a ring of see invisible (right hand)
 p - an amulet of magic regeneration (around neck)
Wands
 o - a wand of flame (11)
Scrolls
 c - a scroll of noise {unknown}
 g - 4 scrolls of identify {unknown}
 h - 2 scrolls of teleportation {unknown}
 j - 2 scrolls of remove curse {unknown}
 q - a scroll of immolation {unknown}
 s - a scroll of fog {unknown}
Potions
 f - a potion of haste {unknown}
 i - a potion of resistance {unknown}
 m - 2 potions of might {unknown}
 n - a potion of ambrosia {unknown}
 r - a potion of flight {unknown}
 t - a potion of mutation {unknown}
Comestibles
 d - 7 rations


   Skills:
 + Level 4.8 Fighting
 + Level 1.5 Short Blades
 + Level 1.5 Long Blades
 + Level 4.8 Axes
 + Level 1.5 Maces & Flails
 + Level 1.5 Polearms
 + Level 1.5 Staves
 + Level 1.5 Slings
 + Level 1.5 Bows
 + Level 1.5 Crossbows
 + Level 1.5 Throwing
 + Level 3.0 Armour
 + Level 4.8 Dodging
 + Level 1.5 Stealth
 + Level 1.5 Shields
 + Level 1.5 Unarmed Combat
 + Level 5.2 Spellcasting
 + Level 1.2 Conjurations
 + Level 1.2 Hexes
 + Level 5.5 Charms
 + Level 1.2 Summonings
 + Level 1.2 Necromancy
 + Level 1.2 Translocations
 + Level 1.2 Transmutations
 + Level 1.2 Fire Magic
 + Level 1.2 Ice Magic
 + Level 1.2 Air Magic
 + Level 1.2 Earth Magic
 + Level 1.2 Poison Magic
 + Level 1.7 Invocations
 + Level 1.5 Evocations


You had 3 spell levels left.
You knew the following spells:

 Your Spells              Type           Power        Failure   Level  Hunger
a - Infusion              Chrm           ###.         3%          1    None
b - Song of Slaying       Chrm           ###.....     4%          2    ##.....
c - Shroud of Golubria    Chrm/Tloc      ##........   12%         2    ##.....
d - Regeneration          Chrm/Necr      ##........   24%         3    ###....
e - Spectral Weapon       Hex/Chrm       ##......     24%         3    ###....

Your spell library contained the following spells:

 Spells                   Type           Power        Failure   Level  Hunger


Dungeon Overview and Level Annotations

Branches:
Dungeon (4/15)
 Temple: D:4-7

Altars:
Fedhas
Yredelemnul


Innate Abilities, Weirdness & Mutations

Your experience applies equally to all skills.
You have very sharp teeth.
Your uncanny sense of smell can sniff out nearby items.


Message History

The orc priest is lightly wounded.
You closely miss the orc. x2; The orc hits you.
Your shroud bends the orc priest's attack away.
Your shroud bends the orc's attack away.
The orc closely misses you.
You closely miss the orc priest.
The orc priest is lightly wounded.
You hit the orc but do no damage. You closely miss the orc.
The orc barely misses you.
The orc priest hits you with a +0 war axe.
* * * LOW HITPOINT WARNING * * *
Your shroud falls apart!
The orc misses you. The orc hits you.
* * * LOW HITPOINT WARNING * * *
You closely miss the orc priest.
The orc priest is lightly wounded.
You hit the orc. You barely miss the orc.
The orc priest mumbles some strange prayers to Beogh against you.
Beogh smites you!
You die...

.# ### .# .# #.#
.# .## ##.# #.
#.######..## .#
#...##.....###
##.#
##.....##....###.#
##..###..##.....#
#..## #..#####.o#
##..## #..# ##@#
.....# #.## #oo#
.#....#...# #oa..
.##........
.......
.####......
......... .#
#..... ........##
.#####...#
.......##
..##......
........# ......#


You could see a worker ant, an orc priest and 3 orcs.

Vanquished Creatures
  An orc priest (D:3)
  An orc wizard (D:3)
  2 adders (D:3)
  2 worms
  5 dart slugs
  A leopard gecko (D:3)
  12 orcs (D:3)
  2 ball pythons (D:2)
  3 giant cockroaches
  6 hobgoblins
  12 jackals
  2 quokkas
  5 bats
  3 frilled lizards
  7 goblins
  10 kobolds
  7 rats
81 creatures vanquished.

Notes
Turn   | Place    | Note
-------+----------+-------------------------------------------
     0 | D:1      | dvd the Gnoll Skald began the quest for the Orb.
     0 | D:1      | Reached XP level 1. HP: 20/20 MP: 6/6
    50 | D:1      | Reached XP level 2. HP: 24/26 MP: 7/7
   132 | D:1      | Learned a level 2 spell: Song of Slaying
   135 | D:1      | Learned a level 2 spell: Shroud of Golubria
   287 | D:1      | Reached XP level 3. HP: 28/31 MP: 3/9
   292 | D:1      | Reached skill level 5 in Spellcasting
   579 | D:1      | Learned a level 3 spell: Regeneration
   583 | D:1      | Learned a level 3 spell: Spectral Weapon
   615 | D:2      | Reached skill level 1 in Invocations
   690 | D:2      | Found a blossoming altar of Fedhas.
   874 | D:2      | Reached skill level 1 in Short Blades
   874 | D:2      | Reached skill level 1 in Long Blades
   874 | D:2      | Reached skill level 1 in Maces & Flails
   874 | D:2      | Reached skill level 1 in Polearms
   874 | D:2      | Reached skill level 1 in Staves
   874 | D:2      | Reached skill level 1 in Slings
   874 | D:2      | Reached skill level 1 in Bows
   874 | D:2      | Reached skill level 1 in Crossbows
   874 | D:2      | Reached skill level 1 in Throwing
   874 | D:2      | Reached skill level 1 in Stealth
   874 | D:2      | Reached skill level 1 in Shields
   874 | D:2      | Reached skill level 1 in Unarmed Combat
   874 | D:2      | Reached skill level 1 in Evocations
  1061 | D:2      | Reached XP level 4. HP: 38/38 MP: 11/11
  1306 | D:3      | Reached skill level 1 in Conjurations
  1306 | D:3      | Reached skill level 1 in Hexes
  1306 | D:3      | Reached skill level 1 in Summonings
  1306 | D:3      | Reached skill level 1 in Necromancy
  1306 | D:3      | Reached skill level 1 in Translocations
  1306 | D:3      | Reached skill level 1 in Transmutations
  1306 | D:3      | Reached skill level 1 in Fire Magic
  1306 | D:3      | Reached skill level 1 in Ice Magic
  1306 | D:3      | Reached skill level 1 in Air Magic
  1306 | D:3      | Reached skill level 1 in Earth Magic
  1306 | D:3      | Reached skill level 1 in Poison Magic
  1373 | D:3      | Reached XP level 5. HP: 41/43 MP: 12/12
  1498 | D:3      | Found a basalt altar of Yredelemnul.
  2356 | D:4      | Killed from afar by an orc priest

Skill      XL: |  1  2  3  4  5 |
---------------+----------------+-----
Spellcasting   | 5 |  5.2
Invocations    | 1 |  1.7
Short Blades   | 1 |  1.5
Long Blades    | 1 |  1.5
Maces & Flails | 1 |  1.5
Polearms       | 1 |  1.5
Staves         | 1 |  1.5
Slings         | 1 |  1.5
Bows           | 1 |  1.5
Crossbows      | 1 |  1.5
Throwing       | 1 |  1.5
Stealth        | 1 |  1.5
Shields        | 1 |  1.5
Unarmed Combat | 1 |  1.5
Evocations     | 1 |  1.5
Conjurations   | 1 |  1.2
Hexes          | 1 |  1.2
Summonings     | 1 |  1.2
Necromancy     | 1 |  1.2
Translocations | 1 |  1.2
Transmutations | 1 |  1.2
Fire Magic     | 1 |  1.2
Ice Magic      | 1 |  1.2
Air Magic      | 1 |  1.2
Earth Magic    | 1 |  1.2
Poison Magic   | 1 |  1.2
Armour         | 3 |  3.0
Fighting       | |  4.8
Axes           | |  4.8
Dodging        | |  4.8
Charms         | |  5.5

Action                   |  1- 3 |  4- 6 || total
-------------------------+-------+-------++-------
Melee: Hand axe          |   114 |    60 ||   174
       Bite              |    16 |    17 ||    33
       Punch             |     1 |       ||     1
       War axe           |       |    58 ||    58
 Cast: Song of Slaying   |     2 |     4 ||     6
       Shroud of Golubri |     2 |     4 ||     6
       Spectral Weapon   |       |     1 ||     1
 Stab: Sleeping          |     2 |       ||     2
  Eat: Chunk             |     1 |     4 ||     5
Armor: Leather armour    |    18 |       ||    18
       Ring mail         |    18 |    28 ||    46
Dodge: Dodged            |   104 |    75 ||   179
